cohdb
Replays
Latest Replays
All Replays
Popular Replays
Top Player Replays
Match Explorer
How It Works
Community
CoH3 Stats
Reddit
Sign in to upload your games and track your stats! →
Sign in with Steam
Match 43536705
Unlisted
Match 43536705
Overview
Messages
Build Orders
End
Panzerpioneer Squad
Kradschützen Motorcycle Team
Panzergrenadier Squad
Panzergrenadier Squad
Construct Light Support Kompanie
Panzerjäger Squad
Fire Support Elements
le.IG 18 Mechanized Group
Selects Panzerjäger Kommand Battlegroup
Selects Blockade Equipment
Selects Mine Fields
Selects Defensive Positions
Construct Mechanized Kompanie
8 Rad Armored Car
Selects Tank Busters
2.5-tonne Medical Truck
Vehicle Survival Package
254 Reconnaissance Tractor
Construct Panzerarmee Kommand
a slut
Legionary
Garzet
[CyPu]Lord Chaos
0
0
Comments
sign in to comment!
No comments posted yet!